 Dungeon Crawl Stone Soup version 0.30-a0-305-g026cb31310 (webtiles) character file.

Game seed: 6090088934622299518

185 Lobster4 the Grave Robber (level 5, 0/38 HPs)
             Began as a Human Necromancer on Oct 23, 2022.
             Killed from afar by Sigmund (11 damage)
             ... with a puff of flame
             ... on level 3 of the Dungeon.
             The game lasted 00:12:22 (2996 turns).

Lobster4 the Grave Robber (Human Necromancer)       Turns: 2996, Time: 00:12:23

Health: 0/38       AC:  3    Str:  8    XL:     5   Next: 96%
Magic:  9/9        EV: 12    Int: 18    God:
Gold:   328        SH:  0    Dex: 13    Spells: 6/10 levels left

rFire   . . .      SeeInvis .    a - +2 war axe (venom)
rCold   . . .      Faith    .    (no shield)
rNeg    . . .      Spirit   .    l - +0 robe
rPois   .          Reflect  .    j - +0 helmet
rElec   .          Harm     .    (no cloak)
rCorr   .          Rampage  .    (no gloves)
Will    +....                    (no boots)
Stlth   ++........               h - amulet of magic regeneration
HPRegen 0.26/turn                r - ring of willpower
MPRegen 0.51/turn                (no ring)

@: no status effects
A: no striking features
a: no special abilities


You were on level 3 of the Dungeon.
You visited 1 branch of the dungeon, and saw 3 of its levels.

You collected 328 gold pieces.

Inventory:

Hand Weapons
 a - a +2 war axe of venom (weapon)
 i - a +0 dagger
 m - a +0 club
Missiles
 p - 27 stones
 u - 3 boomerangs
Armour
 j - a +0 helmet (worn)
 l - a +0 robe (worn)
 o - a +0 ring mail
Jewellery
 h - an amulet of magic regeneration (around neck)
 r - a ring of willpower (left hand)
 x - an amulet of reflection
Wands
 w - a wand of digging (7)
Scrolls
 d - 2 scrolls of immolation
 f - a scroll of summoning {unknown}
 k - a scroll of blinking
Potions
 b - a potion of magic
 c - a potion of ambrosia {unknown}
 e - a potion of mutation {unknown}
 g - a potion of resistance
 n - a potion of lignification {unknown}
 q - 4 potions of curing
 s - a potion of attraction {unknown}
 t - a potion of invisibility {unknown}
 z - a potion of flight {unknown}


   Skills:
 + Level 2.3 Fighting
 + Level 1.0 Axes
 + Level 2.0 Armour
 - Level 2.0 Dodging
 - Level 2.0 Stealth
 + Level 3.0 Spellcasting
 + Level 4.8 Necromancy
 + Level 0.1 Evocations


You had 6 spell levels left.
You knew the following spells:

 Your Spells              Type           Power      Damage    Failure   Level
a - Necrotise             Necr           80%        1d8       2%          1
b - Vampiric Draining     Necr           20%        2d7       7%          3

Your spell library contained the following spells:

 Spells                   Type           Power      Damage    Failure   Level
 Animate Dead             Necr           20%        N/A       22%         4
 Frozen Ramparts          Ice            4%         1d1       43%         3
 Agony                    Necr           20%        N/A       52%         5
 Ice Form                 Ice/Tmut       2%         N/A       85%         4
 Summon Ice Beast         Ice/Summ       2%         N/A       85%         4
 Borgnjor's Revivificati  Necr           10%        N/A       100%        8
 Necromutation            Tmut/Necr      5%         N/A       100%        8
 Death's Door             Necr           10%        N/A       100%        9


Dungeon Overview and Level Annotations

Branches:
Dungeon (3/15)

Altars:

Shops:
D:2 [

Annotations:
D:3 Sigmund


Message History

Sigmund is lightly wounded.
Throw: 3 darts (poison)
Press: ? - help, Shift-Dir - straight line, f/p - Sigmund
Aim: Sigmund, wielding a +1 scythe of protection and wearing a +0 robe (lightly wounded, very poisoned, 53% to hit)
You throw a poisoned dart. The poisoned dart hits Sigmund.
Sigmund looks as sick as possible!
Sigmund is lightly wounded.
Sigmund drinks a potion.
Sigmund is healed!
Sigmund looks more healthy.
No previous command to re-do.
No previous command to re-do.
Throw: 2 darts (poison)
Press: ? - help, Shift-Dir - straight line, f/p - Sigmund
Aim: Sigmund, wielding a +1 scythe of protection and wearing a +0 robe (53% to hit)
You throw a poisoned dart. The poisoned dart hits Sigmund.
Sigmund whispers, "You'll know eternity soon."
Sigmund gestures at you while chanting. The magic dart hits you.
Throw: dart (poison)
Press: ? - help, Shift-Dir - straight line, f/p - Sigmund
Aim: Sigmund, wielding a +1 scythe of protection and wearing a +0 robe (53% to hit)
You throw a poisoned dart.
The poisoned dart barely misses Sigmund.
Casting: Necrotise (safe; 2% risk of failure)
Confirm with . or Enter, or press ? or * to list all spells.
Aiming: Necrotise (safe; 2% risk of failure)
Press: ? - help, Shift-Dir - straight line, f/p - Sigmund
Aim: Sigmund, wielding a +1 scythe of protection and wearing a +0 robe (chance to affect: 84%) Sigmund writhes in agony.
Sigmund mumbles some strange words.
Sigmund flickers and vanishes!
Deactivating autopickup; reactivate with Ctrl-A.
A magic dart appears from out of thin air!
The magic dart hits you.
A magic dart appears from out of thin air!
The magic dart hits you.
* * * LOW HITPOINT WARNING * * *
There is a stone staircase leading down here.
A puff of flame appears from out of thin air!
The puff of flame hits you!
You die...

#####.........##.##............#
##.##.........##.##............#
...##.........##.##............##
....#.........##.##.{..........##
....#.........##.##.....#########
....#######................# #
....##########.............# #
....#.......##.............# #
##..'.......###.@.########## #
####.......##....# #
##.......##....# #
####........##....#### #
PPPP.P......++....'..# #
...P.P......##....##.# #
.PPP.P......##....##.# #
.....P......##....##.# #
.PPPPP......##....##.# #


There were no monsters in sight!

Vanquished Creatures
  2 orc wizards
  Robin (D:2)
  5 adders (D:2)
  A worm (D:3)
  5 dart slugs
  6 orcs
  3 ball pythons
  4 bats
  4 endoplasms
  2 giant cockroaches
  11 goblins
  5 hobgoblins
  2 jackals (D:3)
  4 quokkas
  6 frilled lizards
  A kobold (D:3)
  2 rats (D:1)
64 creatures vanquished.

Vanquished Creatures (collateral kills)
  A ball python (D:1)
  A kobold (D:1)
  A bat (D:1)
  A frilled lizard (D:1)
4 creatures vanquished.

Grand Total: 68 creatures vanquished

Notes
Turn   | Place    | Note
-------+----------+-------------------------------------------
     0 | D:1      | Lobster4 the Human Necromancer began the quest for the Orb.
     0 | D:1      | Reached XP level 1. HP: 13/13 MP: 3/3
   271 | D:1      | Reached XP level 2. HP: 20/20 MP: 3/5
   447 | D:1      | Reached skill level 1 in Armour
   466 | D:1      | Reached XP level 3. HP: 25/25 MP: 4/6
   469 | D:1      | Reached skill level 1 in Fighting
   739 | D:2      | Noticed Robin
   747 | D:2      | Reached XP level 4. HP: 27/32 MP: 4/7
   860 | D:2      | Killed Robin
  1335 | D:2      | Reached XP level 5. HP: 38/38 MP: 9/9
  1385 | D:2      | Found a faded altar of an unknown god.
  1606 | D:2      | Found Juixynaiq's Armour Emporium.
  1918 | D:3      | Learned a level 3 spell: Vampiric Draining
  1999 | D:3      | Noticed Sigmund
  2543 | D:3      | Reached skill level 1 in Axes
  2996 | D:3      | Killed from afar by Sigmund

Illustrated notes

Levels and vault maps discovered:
D:1:      minmay_arrival_pointy, layout_rooms
D:2:      layout_basic, serial_shops, shop, basic_ecumenical_altar, uniq_robin
D:3:      layout_basic, minmay_hedge_maze, uniq_sigmund

Skill      XL: |  1  2  3  4  5 |
---------------+----------------+-----
Armour         | 1 2 |  2.0
Fighting       | 1 2 |  2.3
Spellcasting   | 3 |  3.0
Axes           | 1 |  1.0
Dodging        | |  2.0
Stealth        | |  2.0
Necromancy     | |  4.8
Evocations     | |  0.1

Action                   |  1- 3 |  4- 6 || total
-------------------------+-------+-------++-------
Melee: Unarmed           |    28 |       ||    28
       Punch             |     1 |       ||     1
       Dagger            |     5 |       ||     5
       War axe           |     5 |    72 ||    77
Throw: Stone             |     1 |       ||     1
       Dart              |       |    17 ||    17
 Cast: Necrotise         |    46 |    38 ||    84
  Use: Scroll            |       |     8 ||     8
       Potion            |       |     1 ||     1
 Stab: Sleeping          |       |     4 ||     4
Armor: Robe              |    14 |    26 ||    40
Dodge: Dodged            |    38 |    65 ||   103

Table legend: (Time is in decaauts)
 A = Elapsed time spent in this place.
 B = Non-inter-level travel time spent in this place.
 C = Inter-level travel time spent in this place.
 D = Time resting spent in this place.
 E = Time spent auto-exploring this place.
 F = Levels seen in this place.
 G = Mean time per level.
                   A        B        C        D        E       F      G
               +--------+--------+--------+--------+--------+-----+--------+
         Total |   3014 |   2853 |    161 |    220 |   1796 |   3 | 1004.7 |
       Dungeon |   3014 |   2853 |    161 |    220 |   1796 |   3 | 1004.7 |
               +--------+--------+--------+--------+--------+-----+--------+

Top non-repeatable levels by time:
     D:2: 1313 daAuts
     D:3: 1085 daAuts
     D:1: 616 daAuts
